HSSL
SANTA FE HS CHIEFS @ TACOMA HS TORCHMEN
04/12/2027
 
TOP OF THE 1ST
Santa Fe HS Chiefs batting - Pitching for Tacoma HS Torchmen : LHP Daniel Rose
Pitching: LHP Daniel Rose
Batting: LHB William Mitchell 0-0: Ball
1-0: Foul Ball, location: 2F
1-1: Ball
2-1: Ball
3-1: Base on Balls
Batting: RHB Jake Henshaw 0-0: Ball
1-0: SINGLE (Flyball, 8LS)
William Mitchell to second
Batting: SHB Rick Hilton 0-0: Swinging Strike
0-1: Foul Ball, location: 2F
0-2: Ball
1-2: Strikes out swinging
Batting: RHB Juan Carlos Cruz 0-0: Fly out, F4 (Popup, 34D)
Batting: LHB Adrian Neal 0-0: Ball
1-0: Ground out U3 (Groundball, 34)
Top of the 1st over - 0 run(s), 1 hit(s), 0 error(s), 2 left on base; Santa Fe HS 0 - Tacoma HS 0
BOTTOM OF THE 1ST
Tacoma HS Torchmen batting - Pitching for Santa Fe HS Chiefs : LHP Ed Bailey
Pitching: LHP Ed Bailey
Batting: RHB Kel Turner 0-0: Foul Ball, location: 2F
0-1: Foul Ball, location: 2F
0-2: Ball
1-2: Strikes out swinging
Batting: RHB Edison Jones 0-0: Ball
1-0: Fly out, F8 (Flyball, 8RM)
Batting: RHB Bryant Caldwell 0-0: Called Strike
0-1: Ball
1-1: Foul Ball, location: 2F
1-2: Strikes out swinging
Bottom of the 1st over - 0 run(s), 0 hit(s), 0 error(s), 0 left on base; Santa Fe HS 0 - Tacoma HS 0
TOP OF THE 2ND
Santa Fe HS Chiefs batting - Pitching for Tacoma HS Torchmen : LHP Daniel Rose
Batting: LHB Milton MacEwen 0-0: Ball
1-0: Called Strike
1-1: Foul Ball, location: 2F
1-2: Ball
2-2: Ball
3-2: Strikes out swinging
Batting: LHB Paul Starr 0-0: Swinging Strike
0-1: Ball
1-1: Foul Ball, location: 2F
1-2: Foul Ball, location: 2F
1-2: Ground out 6-3 (Groundball, 6)
Batting: LHB Luis Freitas 0-0: Ground out 4-3 (Groundball, 4)
Top of the 2nd over - 0 run(s), 0 hit(s), 0 error(s), 0 left on base; Santa Fe HS 0 - Tacoma HS 0
BOTTOM OF THE 2ND
Tacoma HS Torchmen batting - Pitching for Santa Fe HS Chiefs : LHP Ed Bailey
Batting: RHB Steve Gómez 0-0: Called Strike
0-1: Ball
1-1: Fly out, F4 (Popup, 4S)
Batting: RHB Dave MacGruder 0-0: Ball
1-0: Ball
2-0: Called Strike
2-1: Ground out 5-3 (Groundball, 56)
Batting: RHB Bill Cross 0-0: Ball
1-0: Called Strike
1-1: Swinging Strike
1-2: SINGLE (Line Drive, 4MD)
Batting: RHB Doug Wells 0-0: Fielders Choice at 2nd, 5-4 (Groundball, 56)
Bottom of the 2nd over - 0 run(s), 1 hit(s), 0 error(s), 0 left on base; Santa Fe HS 0 - Tacoma HS 0
TOP OF THE 3RD
Santa Fe HS Chiefs batting - Pitching for Tacoma HS Torchmen : LHP Daniel Rose
Batting: RHB Brady Holland 0-0: Ball
1-0: DOUBLE (Line Drive, 7LM)
Batting: LHB William Mitchell 0-0: Called Strike
0-1: Foul Ball, location: 2F
0-2: Ball
1-2: Ball
2-2: Strikes out looking
Batting: RHB Jake Henshaw 0-0: Called Strike
0-1: Ball
1-1: Ball
2-1: Ball
3-1: Base on Balls
Batting: SHB Rick Hilton 0-0: Ball
1-0: Ball
2-0: Fly out, F3 (Popup, 3L)
Batting: RHB Juan Carlos Cruz 0-0: Foul Ball, location: 2F
0-1: Called Strike
0-2: Fly out, F3 (Popup, 3)
Top of the 3rd over - 0 run(s), 1 hit(s), 0 error(s), 2 left on base; Santa Fe HS 0 - Tacoma HS 0
BOTTOM OF THE 3RD
Tacoma HS Torchmen batting - Pitching for Santa Fe HS Chiefs : LHP Ed Bailey
Batting: LHB Terry Ives 0-0: Ball
1-0: Called Strike
1-1: Swinging Strike
1-2: Ball
2-2: Foul Ball, location: 2F
2-2: Ball
3-2: Base on Balls
Batting: RHB Dexter Wooten 0-0: Called Strike
0-1: Foul Ball, location: 2F
0-2: Ball
1-2: Strikes out swinging
Batting: RHB Kel Turner 0-0: Ball
Wild Pitch!
Terry Ives to second
1-0: Called Strike
1-1: Swinging Strike
1-2: Ball
2-2: Foul Ball, location: 2F
2-2: Foul Ball, location: 2F
2-2: Strikes out swinging
Batting: RHB Edison Jones 0-0: Foul Ball, location: 2F
0-1: Ball
1-1: Ball
2-1: Ball
3-1: Base on Balls
Batting: RHB Bryant Caldwell 0-0: Called Strike
0-1: Reached on error, E1 (Groundball, 13)
Terry Ives scores
Edison Jones to third
Batting: RHB Steve Gómez 0-0: Ball
1-0: Ball
2-0: Called Strike
2-1: Ball
3-1: Foul Ball, location: 2F
3-2: Foul Ball, location: 2F
3-2: Base on Balls
Batting: RHB Dave MacGruder 0-0: Ball
1-0: Ball
2-0: Ball
3-0: Called Strike
3-1: Called Strike
3-2: Base on Balls
Edison Jones scores
Bryant Caldwell to third
Steve Gómez to second
Batting: RHB Bill Cross 0-0: Ball
1-0: Fly out, F9 (Flyball, 9S)
Bottom of the 3rd over - 2 run(s), 0 hit(s), 1 error(s), 3 left on base; Santa Fe HS 0 - Tacoma HS 2
TOP OF THE 4TH
Santa Fe HS Chiefs batting - Pitching for Tacoma HS Torchmen : LHP Daniel Rose
Batting: LHB Adrian Neal 0-0: Ball
1-0: Fly out, F4 (Popup, 34D)
Batting: LHB Milton MacEwen 0-0: Ball
1-0: Ball
2-0: Ball
3-0: Called Strike
3-1: Called Strike
3-2: Foul Ball, location: 2F
3-2: Foul Ball, location: 2F
3-2: Strikes out swinging
Batting: LHB Paul Starr 0-0: Called Strike
0-1: Ball
1-1: Swinging Strike
1-2: Ball
2-2: Ground out 6-3 (Groundball, 6)
Top of the 4th over - 0 run(s), 0 hit(s), 0 error(s), 0 left on base; Santa Fe HS 0 - Tacoma HS 2
BOTTOM OF THE 4TH
Tacoma HS Torchmen batting - Pitching for Santa Fe HS Chiefs : LHP Ed Bailey
Batting: RHB Doug Wells 0-0: Ball
1-0: Fly out, F8 (Flyball, 8LM)
Batting: LHB Terry Ives 0-0: Called Strike
0-1: Ball
1-1: Ball
2-1: Swinging Strike
2-2: Strikes out swinging
Batting: RHB Dexter Wooten 0-0: Ball
1-0: Reached on error, E5 (Groundball, 56)
Batting: RHB Kel Turner 0-0: Ball
1-0: Called Strike
1-1: Ball
2-1: Ball
3-1: Fly out, F9 (Line Drive, 9D)
Bottom of the 4th over - 0 run(s), 0 hit(s), 1 error(s), 1 left on base; Santa Fe HS 0 - Tacoma HS 2
TOP OF THE 5TH
Santa Fe HS Chiefs batting - Pitching for Tacoma HS Torchmen : LHP Daniel Rose
Batting: LHB Luis Freitas 0-0: Called Strike
0-1: Ground out 4-3 (Groundball, 4M)
Batting: RHB Brady Holland 0-0: Fly out, F8 (Line Drive, 8LM)
Batting: LHB William Mitchell 0-0: Called Strike
0-1: Ball
1-1: Ball
2-1: Called Strike
2-2: Ground out 1-3 (Groundball, P)
Top of the 5th over - 0 run(s), 0 hit(s), 0 error(s), 0 left on base; Santa Fe HS 0 - Tacoma HS 2
BOTTOM OF THE 5TH
Tacoma HS Torchmen batting - Pitching for Santa Fe HS Chiefs : LHP Ed Bailey
Batting: RHB Edison Jones 0-0: Ball
1-0: Ball
2-0: Ball
3-0: Foul Ball, location: 2F
3-1: Called Strike
3-2: Foul Ball, location: 2F
3-2: Strikes out looking
Batting: RHB Bryant Caldwell 0-0: Called Strike
0-1: Ball
1-1: SINGLE (Line Drive, 34)
Batting: RHB Steve Gómez 0-0: Called Strike
0-1: 2-RUN HOME RUN (Flyball, 9D), Distance : 378 ft
Batting: RHB Dave MacGruder 0-0: Ball
1-0: Ball
2-0: Called Strike
2-1: Hit by Pitch
Batting: RHB Bill Cross 0-0: Ball
1-0: Ball
2-0: Foul Ball, location: 2F
2-1: Ball
3-1: Fly out, F4 (Popup, 3)
Batting: RHB Doug Wells 0-0: Called Strike
Dave MacGruder steals 2nd base
0-1: Fly out, F6 (Line Drive, 6M)
Bottom of the 5th over - 2 run(s), 2 hit(s), 0 error(s), 1 left on base; Santa Fe HS 0 - Tacoma HS 4
TOP OF THE 6TH
Santa Fe HS Chiefs batting - Pitching for Tacoma HS Torchmen : LHP Daniel Rose
Batting: RHB Jake Henshaw 0-0: Ground out 6-3 (Groundball, 6)
Batting: SHB Rick Hilton 0-0: Ball
1-0: Swinging Strike
1-1: Foul Ball, location: 2F
1-2: Strikes out looking
Batting: RHB Juan Carlos Cruz 0-0: Ball
1-0: Swinging Strike
1-1: Called Strike
1-2: Fly out, F9 (Flyball, 9LS)
Top of the 6th over - 0 run(s), 0 hit(s), 0 error(s), 0 left on base; Santa Fe HS 0 - Tacoma HS 4
BOTTOM OF THE 6TH
Tacoma HS Torchmen batting - Pitching for Santa Fe HS Chiefs : LHP Ed Bailey
Batting: LHB Terry Ives 0-0: Ball
1-0: Ball
2-0: SINGLE (Groundball, 4MD)
Batting: RHB Dexter Wooten 0-0: Ball
1-0: Ball
2-0: Ball
3-0: Called Strike
3-1: Base on Balls
Terry Ives to second
Batting: RHB Kel Turner 0-0: Foul Ball, location: 2F
0-1: Foul Ball, location: 2F
0-2: Ball
1-2: SINGLE (Flyball, 9S)
Terry Ives to third
Dexter Wooten to second
Batting: RHB Edison Jones 0-0: Foul Ball, location: 2F
0-1: Ball
1-1: Ball
2-1: Swinging Strike
2-2: Foul Ball, location: 2F
2-2: Strikes out swinging
Batting: RHB Bryant Caldwell 0-0: Called Strike
0-1: Ball
1-1: Ball
Wild Pitch!
Terry Ives scores
Dexter Wooten to third
Kel Turner to second
2-1: Swinging Strike
2-2: Ball
3-2: Foul Ball, location: 2F
3-2: Fly out, F6 (Line Drive, 6)
Batting: RHB Steve Gómez 0-0: Fly out, F7 (Line Drive, 7)
Bottom of the 6th over - 1 run(s), 2 hit(s), 0 error(s), 2 left on base; Santa Fe HS 0 - Tacoma HS 5
TOP OF THE 7TH
Santa Fe HS Chiefs batting - Pitching for Tacoma HS Torchmen : LHP Daniel Rose
Batting: LHB Adrian Neal 0-0: Ball
1-0: Foul Ball, location: 2F
1-1: Ball
2-1: Ball
3-1: Swinging Strike
3-2: Base on Balls
Pitching: RHP Rich Puckett
Batting: LHB Milton MacEwen 0-0: Called Strike
0-1: Called Strike
0-2: Ball
1-2: Foul Ball, location: 2F
1-2: Foul Ball, location: 2F
1-2: Grounds into double play, 1-6-3 (Groundball, 13)
Batting: LHB Paul Starr 0-0: Foul Ball, location: 2F
0-1: Fly out, F8 (Flyball, 8LD)
Top of the 7th over - 0 run(s), 0 hit(s), 0 error(s), 0 left on base; Santa Fe HS 0 - Tacoma HS 5
BOTTOM OF THE 7TH
Tacoma HS Torchmen batting - Pitching for Santa Fe HS Chiefs : LHP Ed Bailey
Batting: RHB Dave MacGruder 0-0: Ground out 1-3 (Groundball, 13S)
Batting: RHB Bill Cross 0-0: SOLO HOME RUN (Flyball, 7D), Distance : 380 ft
Batting: RHB Doug Wells 0-0: Foul Ball, location: 2F
0-1: Called Strike
0-2: Ball
1-2: Ball
2-2: Ball
3-2: Foul Ball, location: 2F
3-2: Base on Balls
Batting: LHB Terry Ives 0-0: Ball
1-0: Swinging Strike
1-1: Fielders Choice at 2nd, 1-6 (Groundball, 13S)
Pitching: RHP Dane Vaughan
Batting: RHB Dexter Wooten 0-0: Fielders Choice at 2nd, 6-4 (Groundball, 6)
Bottom of the 7th over - 1 run(s), 1 hit(s), 0 error(s), 0 left on base; Santa Fe HS 0 - Tacoma HS 6
TOP OF THE 8TH
Santa Fe HS Chiefs batting - Pitching for Tacoma HS Torchmen : RHP Rich Puckett
Now at C: Larry Estes
Batting: LHB Luis Freitas 0-0: Called Strike
0-1: Swinging Strike
0-2: Fly out, F3 (Popup, 3S)
Batting: RHB Brady Holland 0-0: Swinging Strike
0-1: Ground out 5-3 (Groundball, 5)
Batting: LHB William Mitchell 0-0: Swinging Strike
0-1: Ground out 3-1 (Groundball, 34)
Top of the 8th over - 0 run(s), 0 hit(s), 0 error(s), 0 left on base; Santa Fe HS 0 - Tacoma HS 6
BOTTOM OF THE 8TH
Tacoma HS Torchmen batting - Pitching for Santa Fe HS Chiefs : RHP Dane Vaughan
Batting: RHB Kel Turner 0-0: Foul Ball, location: 2F
0-1: Ball
1-1: Swinging Strike
1-2: Strikes out looking
Batting: RHB Edison Jones 0-0: Ball
1-0: SINGLE (Groundball, 56D)
Batting: RHB Bryant Caldwell 0-0: Ball
1-0: Ball
2-0: Foul Ball, location: 2F
2-1: Fly out, F9 (Flyball, 89S)
Batting: RHB Steve Gómez 0-0: Called Strike
0-1: Ball
1-1: Swinging Strike
1-2: Foul Ball, location: 2F
1-2: Strikes out swinging, 2-3 out at first.
Bottom of the 8th over - 0 run(s), 1 hit(s), 0 error(s), 1 left on base; Santa Fe HS 0 - Tacoma HS 6
TOP OF THE 9TH
Santa Fe HS Chiefs batting - Pitching for Tacoma HS Torchmen : RHP Rich Puckett
Batting: RHB Jake Henshaw 0-0: SINGLE (Groundball, 6D)
Batting: SHB Rick Hilton 0-0: Ball
1-0: Fly out, F8 (Flyball, 8RM)
Batting: RHB Juan Carlos Cruz 0-0: Hit by Pitch
Jake Henshaw to second
Batting: LHB Adrian Neal 0-0: Ball
1-0: Foul Ball, location: 2F
1-1: Ball
2-1: Swinging Strike
2-2: Foul Ball, location: 2F
2-2: Ball
3-2: SINGLE (Line Drive, 34)
Jake Henshaw to third
Juan Carlos Cruz to second
Runner from 3rd tries for Home, SAFE, no throw
Batting: LHB Milton MacEwen 0-0: Ball
1-0: Swinging Strike
1-1: Ball
2-1: Foul Ball, location: 2F
2-2: Foul Ball, location: 2F
2-2: Foul Ball, location: 2F
2-2: Ball
3-2: Base on Balls
Juan Carlos Cruz to third
Adrian Neal to second
Pitching: RHP Mike Fitzpatrick
Batting: LHB Paul Starr 0-0: Ball
1-0: Ball
2-0: Ball
3-0: Base on Balls
Juan Carlos Cruz scores
Adrian Neal to third
Milton MacEwen to second
Batting: LHB Luis Freitas 0-0: Ball
1-0: Swinging Strike
1-1: Foul Ball, location: 2F
1-2: Ball
2-2: Strikes out swinging
Pinch Hitting: RHB William Todd 0-0: Called Strike
0-1: Called Strike
0-2: Strikes out swinging
Top of the 9th over - 2 run(s), 2 hit(s), 0 error(s), 3 left on base; Santa Fe HS 2 - Tacoma HS 6
Thursday, March 30th, 2017 - OOTP Baseball 17.12 Build 75